 Dungeon Crawl Stone Soup version 0.30-a0-728-gc68057be0a (webtiles) character file.

Game seed: 1688014672405479998

1357 hikkokomori the Shooter (level 8, -3/63 HPs)
             Began as a Formicid Hunter on Feb 1, 2023.
             Was an Initiate of Gozag.
             Slain by Prince Ribbit (14 damage)
             ... on level 6 of the Dungeon.
             The game lasted 00:09:42 (4274 turns).

hikkokomori the Shooter (Formicid Hunter)           Turns: 4274, Time: 00:09:42

Health: -3/63      AC:  3    Str: 16    XL:     8   Next: 95%
Magic:  11/11      EV: 12    Int:  9    God:    Gozag
Gold:   253        SH:  6    Dex: 19    Spells: 4/11 levels left

rFire   . . .      SeeInvis +    a - +0 shortbow
rCold   . . .      Faith    .    d - +0 buckler
rNeg    + . .      Spirit   .    c - +0 leather armour
rPois   .          Reflect  .    (helmet unavailable)
rElec   .          Harm     .    (no cloak)
rCorr   +          Rampage  .    (no gloves)
Will    .....                    (no boots)
Stlth   +++                      j - amulet of regeneration
HPRegen 1.10/turn                q - ring of positive energy
MPRegen 0.12/turn                B - ring of resist corrosion

@: no status effects
A: permanent stasis, dig shafts and tunnels, antennae 3, four strong arms
a: Dig, Shaft Self, Renounce Religion, Potion Petition, Call Merchant, Bribe
Branch


You were on level 6 of the Dungeon.
You worshipped Gozag.
Gozag was aware of your devotion.
You visited 2 branches of the dungeon, and saw 7 of its levels.

You collected 386 gold pieces.
You paid 133 gold pieces to Gozag.

Inventory:

Hand Weapons
 a - a +0 shortbow (weapon)
Armour
 c - a +0 leather armour (worn)
 d - a +0 buckler (worn)
 i - a scarf of shadows
Jewellery
 j - an amulet of regeneration (around neck)
 l - a ring of protection from fire
 q - a ring of positive energy (left hand)
 u - an amulet of guardian spirit
 B - a ring of resist corrosion (right hand)
Wands
 n - a wand of roots (4)
 s - a wand of digging (14)
Scrolls
 b - a scroll of immolation
 e - 2 scrolls of noise
 g - a scroll of teleportation
 k - 2 scrolls of poison
 r - a scroll of fear
 y - a scroll of amnesia
 C - a scroll of silence {unknown}
 D - a scroll of fog {unknown}
Potions
 f - 3 potions of flight {unknown}
 h - 3 potions of haste
 m - a potion of brilliance
 o - a potion of degeneration {unknown}
 p - 3 potions of curing
 t - a potion of heal wounds
 v - 2 potions of lignification
 w - a potion of ambrosia {unknown}
 x - 2 potions of might
 z - 2 potions of attraction
 A - a potion of mutation {unknown}


   Skills:
 + Level 5.6 Fighting
 + Level 6.2 Ranged Weapons
 - Level 1.1 Armour
 - Level 2.0 Dodging
 - Level 6.0 Stealth
 + Level 5.8 Shields
 + Level 2.1 Spellcasting
 + Level 3.5 Poison Magic


You had 4 spell levels left.
You knew the following spells:

 Your Spells              Type           Power      Damage    Failure   Level
a - Portal Projectile     Hex/Tloc       0%         N/A       82%         3
b - Olgreb's Toxic Radia  Pois           7%         N/A       75%         4

Your spell library contained the following spells:

 Spells                   Type           Power      Damage    Failure   Level
 Sting                    Tmut/Pois      16%        1d3       24%         1
 Poisonous Vapours        Pois/Air       8%         N/A       34%         2
 Apportation              Tloc           0%         N/A       43%         1
 Necrotise                Necr           0%         1d4       43%         1
 Shock                    Conj/Air       0%         1d3       43%         1
 Summon Small Mammal      Summ           0%         N/A       43%         1
 Dazzling Flash           Conj/Hex       0%         N/A       82%         3
 Tukima's Dance           Hex            0%         N/A       82%         3
 Airstrike                Air            0%         2d(0-16)  99%         4
 Passage of Golubria      Tloc           0%         N/A       99%         4
 Agony                    Necr           0%         N/A       100%        5
 Blade Hands              Tmut           0%         N/A       100%        5
 Silence                  Hex/Air        0%         N/A       100%        5
 Yara's Violent Unravell  Hex/Tmut       0%         3d3       100%        5
 Swiftness                Air            Unusable   N/A       N/A         3

Dungeon Overview and Level Annotations

Branches:
Dungeon (6/15)             Temple (1/1) D:6

Altars:
Ashenzari
Cheibriados
Dithmenos
Elyvilon
Gozag
Hepliaklqana
Kikubaaqudgha
Makhleb
Nemelex Xobeh
Qazlal
Ru
Trog
Uskayaw
Vehumet
Wu Jian
Xom
Yredelemnul
Zin
The Shining One

Annotations:
D:6 Prince Ribbit


Innate Abilities, Weirdness & Mutations

You cannot be hasted, slowed, berserked, paralysed or teleported.
You can dig through walls and to a lower floor.
You have a pair of large antennae on your head. (SInv)
Your four strong arms can wield two-handed weapons with a shield.


Message History

Prince Ribbit is severely wounded.
You shoot an arrow. The arrow hits Prince Ribbit.
Prince Ribbit is severely wounded.
Prince Ribbit hits you!
You shoot an arrow. The arrow misses Prince Ribbit.
Prince Ribbit croaks regally.
Prince Ribbit hits you! x2
You are too injured to fight recklessly!
You are too injured to fight recklessly!
You are too injured to fight recklessly!
You are too injured to fight recklessly!
You are too injured to fight recklessly!
You are too injured to fight recklessly!
You are too injured to fight recklessly!
You are too injured to fight recklessly!
You are too injured to fight recklessly!
You are too injured to fight recklessly!
You are too injured to fight recklessly!
You are too injured to fight recklessly!
You are too injured to fight recklessly!
You are too injured to fight recklessly!
You are too injured to fight recklessly!
You are too injured to fight recklessly!
You are too injured to fight recklessly!
You are too injured to fight recklessly!
You are too injured to fight recklessly!
You are too injured to fight recklessly!
You are too injured to fight recklessly!
You are too injured to fight recklessly!
You are too injured to fight recklessly!
Okay, then.
You shoot an arrow. The arrow misses Prince Ribbit.
You block Prince Ribbit's attack.
You shoot an arrow. The arrow misses Prince Ribbit.
Prince Ribbit misses you. Prince Ribbit hits you!!
* * * LOW HITPOINT WARNING * * *
You shoot an arrow. The arrow barely misses Prince Ribbit.
Prince Ribbit hits you!
You die...
Your body crumbles into a pile of gold.

...# #.# .# ..# #### #.####
##.## #..# #....##.... ##...#
####.#..#.# ##...# # #.#>#..
###..(.## # # # #.#.#.#
###.......# #
#...##...#.########.......).#
# #.................#.......#
# ####......F@.########.#####
.. ........####.### #.# ##.
######..# #...######.# #
#..^# ###.....#..# # #.#.###
#####...### #..#...###
###...##### #..####...##
#.#...... ...# ###..###
##.####### #.## ##.?.## #..#


You could see Prince Ribbit.

Vanquished Creatures
  Sigmund (D:2)
  3 black bears
  3 ogres (D:5)
  2 phantoms
  A scorpion (D:4)
  A jelly (D:5)
  2 gnoll boudas
  2 hounds
  An iguana (D:5)
  An orc wizard (D:3)
  10 gnolls
  8 adders
  2 white imps
  An ufetubus (D:5)
  A worm (D:3)
  3 dart slugs (D:2)
  5 orcs
  10 endoplasms
  2 giant cockroaches (D:1)
  3 goblins
  8 hobgoblins
  7 kobolds
  5 quokkas
  8 ball pythons
  7 bats
  A frilled lizard (D:3)
  7 rats
105 creatures vanquished.

Notes
Turn   | Place    | Note
-------+----------+-------------------------------------------
     0 | D:1      | hikkokomori the Formicid Hunter began the quest for the
                  | Orb.
     0 | D:1      | Reached XP level 1. HP: 16/16 MP: 1/1
    89 | D:1      | Reached XP level 2. HP: 23/23 MP: 2/2
   371 | D:1      | Found a faded altar of an unknown god.
   643 | D:1      | Reached XP level 3. HP: 28/28 MP: 3/3
   765 | D:2      | Noticed Sigmund
   774 | D:2      | Killed Sigmund
   775 | D:2      | Reached XP level 4. HP: 30/35 MP: 4/4
   775 | D:2      | Reached XP level 5. HP: 35/41 MP: 5/5
   890 | D:2      | Reached XP level 6. HP: 47/47 MP: 6/6
  1324 | D:3      | Noticed a black bear
  1330 | D:3      | Killed a black bear
  1331 | D:3      | Reached skill level 5 in Ranged Weapons
  1331 | D:3      | Reached skill level 1 in Armour
  1498 | D:3      | Found a broken altar of Ashenzari.
  1617 | D:3      | Learned a level 3 spell: Portal Projectile
  1619 | D:3      | Learned a level 1 spell: Sting
  1741 | D:3      | Found a burning altar of Makhleb.
  1771 | D:3      | Reached XP level 7. HP: 46/54 MP: 7/7
  2173 | D:4      | Reached skill level 1 in Poison Magic
  2271 | D:4      | Found a radiant altar of Vehumet.
  2412 | D:4      | Found a snail-covered altar of Cheibriados.
  3232 | D:5      | Entered Level 5 of the Dungeon
  3278 | D:5      | Reached skill level 5 in Stealth
  3298 | D:5      | Reached XP level 8. HP: 54/61 MP: 8/8
  3465 | D:5      | Found a sparkling altar of Nemelex Xobeh.
  3491 | D:5      | Reached skill level 5 in Fighting
  3491 | D:5      | Reached skill level 5 in Shields
  3497 | D:5      | Reached skill level 1 in Spellcasting
  3942 | D:6      | Noticed Prince Ribbit
  3952 | D:5      | Learned a level 4 spell: Olgreb's Toxic Radiance
  3961 | D:6      | HP: 2/62 [Prince Ribbit (18)]
  4014 | D:6      | Found a staircase to the Ecumenical Temple.
  4047 | Temple   | Entered the Ecumenical Temple
  4144 | Temple   | Became a worshipper of Gozag Ym Sagoz the Greedy
  4274 | D:6      | Slain by Prince Ribbit

Illustrated notes

Levels and vault maps discovered:
D:1:      roderic_octagonal_star, layout_basic,
          dreamdust_ecumenical_altar_angels_and_demons, minmay_crystal_room,
          hangedman_decor_growths
D:2:      layout_rooms, uniq_sigmund
D:3:      layout_basic, mainiacjoe_overflow_paths,
          mainiacjoe_overflow_concentric_impassable
D:4:      layout_rooms, vehumet_crystals, nicolae_overflow_crystal_walls,
          serial_co_window_serial, co_window_of_opportunity_a,
          co_window_paths_b, co_window_paths_b, co_window_of_opportunity_a,
          co_window_corner_a, co_window_paths_c, co_window_unsneaky_path_a,
          co_window_2corner, co_window_cross_4, small_statue_alley_b
D:5:      layout_basic, mainiacjoe_overflow_small_starburst,
          hangedman_abyss_or_decor_passed
D:6:      layout_rooms, minmay_temple_entry_grid, uniq_prince_ribbit1
Temple:   eino_temple_lava

Skill      XL: |  1  2  3  4  5  6  7  8 |
---------------+-------------------------+-----
Dodging        | 2 |  2.0
Stealth        | 2 3 4 5 6 |  6.0
Fighting       | 3 4 5 |  5.6
Shields        | 2 3 4 5 |  5.8
Ranged Weapons | 5 6 |  6.2
Armour         | 1 |  1.1
Poison Magic   | 2 3 |  3.5
Spellcasting   | 2 |  2.1

Action                     |  1- 3 |  4- 6 |  7- 9 || total
---------------------------+-------+-------+-------++-------
   Fire: Shortbow          |    59 |   115 |   256 ||   430
    Use: Scroll            |       |       |    14 ||    14
         Potion            |       |       |     1 ||     1
 Armour: Leather armour    |    13 |     4 |    27 ||    44
  Dodge: Dodged            |    18 |    13 |   116 ||   147
  Block: Buckler           |     7 |     6 |    70 ||    83

Table legend: (Time is in decaauts)
 A = Elapsed time spent in this place.
 B = Non-inter-level travel time spent in this place.
 C = Inter-level travel time spent in this place.
 D = Time resting spent in this place.
 E = Time spent auto-exploring this place.
 F = Levels seen in this place.
 G = Mean time per level.
                   A        B        C        D        E       F      G
               +--------+--------+--------+--------+--------+-----+--------+
         Total |   4405 |   4097 |    308 |     13 |   3210 |   7 |  629.3 |
       Dungeon |   4299 |   4017 |    282 |     13 |   3138 |   6 |  716.5 |
        Temple |    106 |     80 |     26 |      0 |     72 |   1 |  106.0 |
               +--------+--------+--------+--------+--------+-----+--------+

Top non-repeatable levels by time:
     D:4: 1010 daAuts
     D:3: 889 daAuts
     D:1: 828 daAuts
     D:5: 783 daAuts
     D:2: 589 daAuts
     D:6: 198 daAuts
  Temple: 106 daAuts
